 Dungeon Crawl Stone Soup version 0.27-a0-385-g3208abaabc (webtiles) character file.

Game seed: 6407620869904991748

55 pkoi the Slasher (level 3, -8/30 HPs)
             Began as a Minotaur Gladiator on Feb 19, 2021.
             Mangled by an ogre
             ... wielding a +0 giant club
              (19 damage)
             ... on level 2 of the Dungeon.
             The game lasted 00:01:47 (1752 turns).

pkoi the Slasher (Minotaur Gladiator)               Turns: 1752, Time: 00:01:48

Health: -8/30      AC:  6    Str: 19    XL:     3   Next: 67%
Magic:  2/2        EV: 12    Int:  5    God:
Gold:   77         SH:  0    Dex: 11    Spells: 2/2 levels left

rFire    . . .     SeeInvis .   a - +0 long sword
rCold    . . .     Faith    .   (no shield)
rNeg     . . .     Spirit   .   b - +0 leather armour
rPois    .         Reflect  .   f - +1 hat
rElec    .         Harm     .   (no cloak)
rCorr    .         Rampage  .   o - +1 pair of gloves
Will     .....                  (no boots)
Stlth    +.........             (no amulet)
HPRegen  0.10/turn              (no ring)
MPRegen  0.08/turn              (no ring)

@: no status effects
A: retaliatory headbutt, horns 2
a: no special abilities


You were on level 2 of the Dungeon.
You visited 1 branch of the dungeon, and saw 2 of its levels.

You collected 77 gold pieces.

Inventory:

Hand Weapons
 a - a +0 long sword (weapon)
Missiles
 d - 3 throwing nets (quivered)
 n - 15 poisoned darts
Armour
 b - a +0 leather armour (worn)
 c - a +0 hat
 f - a +1 hat (worn)
 l - a scarf of harm
 o - a +1 pair of gloves (worn)
Jewellery
 i - an amulet of reflection {unknown}
Wands
 m - a wand of random effects (7)
Scrolls
 g - a scroll of noise {unknown}
 j - a scroll of blinking {unknown}
 k - 2 scrolls of teleportation {unknown}
 p - a scroll of fear {unknown}
Potions
 e - 2 potions of haste {unknown}
 h - a potion of lignification {unknown}


   Skills:
 - Level 2.4 Fighting
 + Level 5.7 Long Blades
 - Level 2.0 Throwing
 - Level 3.2 Dodging


You had 2 spell levels left.
You didn't know any spells.
Your spell library was empty.

Dungeon Overview and Level Annotations

Branches:
Dungeon (2/15)

Altars:
Gozag


Innate Abilities, Weirdness & Mutations

You reflexively headbutt those who attack you in melee.
You have a pair of horns on your head.


Message History

There is an open door here.
A worm comes into view.
A worm is nearby!
A worm is nearby!
A worm is nearby!
The worm bites you.
You hit the worm but do no damage. The worm barely misses you.
You furiously retaliate!
You headbutt the worm!
You riposte.
You hit the worm.
The worm is severely wounded.
You slash the worm!
You kill the worm!
No target in view!
No target in view!
No target in view!
No target in view!
No target in view!
You see here a worm corpse.
p - a scroll labelled HAUTUCY BOPY You open the door.
There is an open door here.
An ogre comes into view. It is wielding a +0 giant club.
The ogre shouts!
An ogre is nearby!
An ogre is nearby!
You hit the ogre.
The ogre is lightly wounded.
The ogre hits you with a +0 giant club!!
Ouch! That really hurt!
You are too injured to fight recklessly!
You are too injured to fight recklessly!
You are too injured to fight recklessly!
You are too injured to fight recklessly!
You are too injured to fight recklessly!
You are too injured to fight recklessly!
You are too injured to fight recklessly!
You hit the ogre. You headbutt the ogre!
The ogre is severely wounded.
The ogre hits you with a +0 giant club!!
Ouch! That really hurt!
You die...

# # .# ..
#######+##.#.# ##
............# ### #.
#.$.......#....# #.
#.O@......#....####.
####.##>.......'....
#.##........####.
#.##........# #.
#.##........# #.
#.........######.
####......)......
#...#.#######.
###.#.##### #.


You could see an ogre.

Vanquished Creatures
  4 worms (D:2)
  A dart slug (D:1)
  2 leopard geckos (D:2)
  A giant cockroach (D:2)
  3 goblins
  5 hobgoblins
  4 jackals
  2 bats
  5 frilled lizards
  11 kobolds
  5 rats
43 creatures vanquished.

Notes
Turn   | Place    | Note
-------+----------+-------------------------------------------
     0 | D:1      | pkoi the Minotaur Gladiator began the quest for the Orb.
     0 | D:1      | Reached XP level 1. HP: 18/18 MP: 0/0
     2 | D:1      | Noticed a minotaur
     6 | D:1      | Noticed a formicid
     6 | D:1      | Noticed a draconian
     8 | D:1      | Noticed a felid
     8 | D:1      | Noticed a vine stalker
    10 | D:1      | Noticed a tengu
    12 | D:1      | Noticed an octopode
    12 | D:1      | Noticed a troll
    14 | D:1      | Noticed a halfling
    14 | D:1      | Noticed an elf
    16 | D:1      | Noticed a ghoul
    16 | D:1      | Noticed a demonspawn
    18 | D:1      | Noticed an ogre
    20 | D:1      | Noticed a centaur
    20 | D:1      | Noticed a vampire
    22 | D:1      | Noticed a spriggan
    22 | D:1      | Noticed a dwarf
    24 | D:1      | Noticed a demigod
    26 | D:1      | Noticed a human
    26 | D:1      | Noticed a merfolk
    28 | D:1      | Noticed a naga
    28 | D:1      | Noticed a gargoyle
    57 | D:1      | Reached skill level 4 in Long Blades
   224 | D:1      | Reached XP level 2. HP: 21/25 MP: 1/1
  1063 | D:2      | Reached skill level 5 in Long Blades
  1124 | D:2      | Reached XP level 3. HP: 30/30 MP: 2/2
  1135 | D:2      | Found an opulent altar of Gozag.
  1749 | D:2      | Noticed an ogre
  1752 | D:2      | Mangled by an ogre

Illustrated notes

Levels and vault maps discovered:
D:1:      kb_arrival_jail, layout_loops_ring, glass_columns_c, hex_medium
D:2:      layout_basic, grunt_gozag_breadcrumbs

Skill      XL: |  1  2 |
---------------+-------+-----
Long Blades    | 4 5 |  5.7
Fighting       | |  2.4
Throwing       | |  2.0
Dodging        | |  3.2

Action                   || total
-------------------------++-------
Melee: Long sword        ||    79
       Headbutt          ||    13
Armor: Leather armour    ||    22
Dodge: Dodged            ||    47
       Rpst.: Long sword ||    10

Table legend: (Time is in decaauts)
 A = Elapsed time spent in this place.
 B = Non-inter-level travel time spent in this place.
 C = Inter-level travel time spent in this place.
 D = Time resting spent in this place.
 E = Time spent auto-exploring this place.
 F = Levels seen in this place.
 G = Mean time per level.
                   A        B        C        D        E       F      G
               +--------+--------+--------+--------+--------+-----+--------+
         Total |   1764 |   1710 |     54 |    282 |   1171 |   2 |  882.0 |
       Dungeon |   1764 |   1710 |     54 |    282 |   1171 |   2 |  882.0 |
               +--------+--------+--------+--------+--------+-----+--------+

Top non-repeatable levels by time:
     D:2: 907 daAuts
     D:1: 856 daAuts
